 Dungeon Crawl Stone Soup version 0.19-a0-1907-gcff654f (webtiles) character file.

1987 LORDOFBUTT the Chopper (level 9, 0/69 HPs)
             Began as a Formicid Fighter on Oct 23, 2016.
             Was an Initiate of Gozag.
             Slain by an orc warrior
             ... wielding a +0 glaive
              (5 damage)
             ... on level 6 of the Dungeon.
             The game lasted 00:09:04 (4850 turns).

LORDOFBUTT the Chopper (Formicid Fighter)           Turns: 4850, Time: 00:09:05

Health: 0/69       AC: 13    Str: 23    XL:     9   Next: 44%
Magic:  9/9        EV:  8    Int:  8    God:    Gozag
Gold:   651        SH: 11    Dex: 11    Spells: 0 memorised, 8 levels left

rFire  . . .     SeeInvis +     a - +1 war axe
rCold  . . .     Gourm    .     z - +3 chain mail
rNeg   . . .     Faith    .     c - +0 shield
rPois  .         Spirit   .     (helmet unavailable)
rElec  .         Reflect  .     (no cloak)
rCorr  .         Harm     .     (no gloves)
MR     .....                    (no boots)
Stlth  ..........               (no amulet)
                                (no ring)
                                x - ring of stealth

@: no status effects
A: permanent stasis, dig shafts and tunnels, four strong arms, antennae 3
a: Dig, Shaft Self, Potion Petition, Call Merchant, Bribe Branch, Renounce
Religion


You were on level 6 of the Dungeon.
You worshipped Gozag.
Gozag was pleased with you.
You were not hungry.

You visited 1 branch of the dungeon, and saw 6 of its levels.

You collected 691 gold pieces.
You paid 40 gold pieces to Gozag.

Inventory:

Hand Weapons
 a - a +1 war axe (weapon)
 b - a +0 hand axe of flaming
Armour
 c - a +0 shield (worn)
 z - a +3 chain mail (worn)
Jewellery
 q - an uncursed amulet of inaccuracy
 x - a ring of stealth (left hand)
Wands
 d - a wand of slowing (8/48)
 h - a wand of paralysis (8/24)
 D - a wand of iceblast (9/15)
Scrolls
 p - 2 scrolls of remove curse
 y - 2 scrolls of immolation
Potions
 e - 4 potions of curing
 l - 3 potions of invisibility
 n - 3 potions of brilliance
 r - 2 potions of agility
 t - a potion of ambrosia
 v - a potion of cancellation
 w - a potion of magic
 C - a potion of degeneration
Comestibles
 f - 7 bread rations
 k - a meat ration


   Skills:
 + Level 5.6 Fighting
 + Level 7.8 Axes
 + Level 5.6 Armour
 + Level 2.6 Dodging
 + Level 2.7 Stealth
 + Level 7.3 Shields


You had 8 spell levels left.
You didn't know any spells.

Dungeon Overview and Level Annotations

Branches:
Dungeon (6/15)
 Temple: D:4-7

Altars:
Elyvilon
Gozag
Hepliaklqana
Makhleb
Okawaru
Vehumet
Zin
The Shining One


Innate Abilities, Weirdness & Mutations

You are under a permanent stasis effect.
You can dig through walls and to a lower floor.
Your four strong arms can wield two-handed weapons with a shield.
You have a pair of large antennae on your head. (SInv)


Message History

The orc warrior hits you with a glaive!
* * * LOW HITPOINT WARNING * * *
The orc priest hits you.
* * * LOW HITPOINT WARNING * * *
Okay, then.
You block the orc warrior's attack.
Items here: $ ))) [[
Okay, then.
Found a potion of heal wounds.
Okay, then.
Okay, then.
The orc warrior hits you from afar with a glaive!
* * * LOW HITPOINT WARNING * * *
Okay, then.
You open the door.
A crimson imp comes into view.
Found a leather armour.
Found a burning altar of Makhleb.
The orc warrior hits you from afar with a glaive.
You die...
Your body crumbles into a pile of gold.

#########
#.......#####
#...........#
###.#####.###$###
#......##.#.$$...
####.#.##......#$###
#....oo.####.....#
#....#!...?.(#####
###@##.......#
#...##.#####.
#[≈5≈.#.# .
#≈≈.≈≈#.# .. #≈≈_≈≈#
.. #≈#∩#≈# #######


You could see an orc warrior, an orc priest and a crimson imp.

Vanquished Creatures
  The ghost of chakram the Slasher, a novice HuSk of Uskayaw (D:5)
  Sigmund (D:4)
  Eustachio (D:5)
  The ghost of Sestren413 the Ruffian, an amateur DrTm (D:3)
  Edmund (D:5)
  A centaur (D:5)
  An ogre (D:5)
  Blork the orc (D:5)
  2 scorpions (D:5)
  The ghost of Miow the Skirmisher, a weakling DsAK of Lugonu (D:4)
  A howler monkey (D:5)
  2 hounds (D:5)
  7 orc wizards
  Crazy Yiuf (D:5)
  2 orc priests
  An iguana (D:4)
  4 worker ants
  A hound skeleton (D:4)
  A worker ant zombie (D:5)
  7 gnolls
  A howler monkey skeleton (D:6)
  8 adders
  A shadow imp (D:5)
  An ooze (D:2)
  7 worms
  A dart slug (D:2)
  4 leopard geckos
  20 orcs
  6 bats
  5 giant cockroaches
  10 goblins
  6 hobgoblins
  7 jackals
  7 kobolds
  3 quokkas
  2 ball pythons
  3 frilled lizards
  A jackal skeleton (D:5)
  A quokka skeleton (D:5)
  6 rats
138 creatures vanquished.

Notes
Turn   | Place    | Note
-------+----------+-------------------------------------------
     0 | D:1      | LORDOFBUTT the Formicid Fighter began the quest for the Orb.
     0 | D:1      | Reached XP level 1. HP: 18/18 MP: 1/1
    78 | D:1      | Reached XP level 2. HP: 24/24 MP: 2/2
   342 | D:1      | Reached XP level 3. HP: 29/29 MP: 3/3
   976 | D:2      | Reached XP level 4. HP: 24/35 MP: 4/4
  1156 | D:2      | Found a white marble altar of Elyvilon.
  1778 | D:3      | Noticed Sestren413's ghost (amateur DrTm)
  1793 | D:3      | Killed Sestren413's ghost
  1793 | D:3      | Reached skill level 1 in Dodging
  1793 | D:3      | Reached skill level 5 in Shields
  1793 | D:3      | Reached XP level 5. HP: 27/42 MP: 5/5
  1793 | D:3      | Reached XP level 6. HP: 31/48 MP: 6/6
  1851 | D:3      | Found an opulent altar of Gozag.
  1945 | D:3      | Found a radiant altar of Vehumet.
  2203 | D:3      | Became a worshipper of Gozag Ym Sagoz the Greedy
  2228 | D:3      | Found a glowing silver altar of Zin.
  2228 | D:3      | Noticed an angel
  2473 | D:4      | Noticed Sigmund
  2488 | D:4      | Killed Sigmund
  2488 | D:4      | Reached skill level 5 in Axes
  2488 | D:4      | Reached XP level 7. HP: 55/55 MP: 7/7
  2527 | D:4      | Noticed Miow's ghost (weakling DsAK)
  2537 | D:4      | Killed Miow's ghost
  3199 | D:5      | Entered Level 5 of the Dungeon
  3309 | D:5      | Reached XP level 8. HP: 54/61 MP: 8/8
  3410 | D:5      | Noticed chakram's ghost (novice HuSk)
  3426 | D:5      | Noticed Blork the orc
  3430 | D:5      | Killed chakram's ghost
  3430 | D:5      | Reached skill level 1 in Stealth
  3433 | D:5      | Killed Blork the orc
  3433 | D:5      | Reached skill level 5 in Armour
  3454 | D:5      | Reached skill level 5 in Fighting
  3488 | D:5      | HP: 2/62 [orc priest/divine providence (10)]
  3489 | D:6      | Found a hazy altar of Hepliaklqana.
  3842 | D:5      | Reached XP level 9. HP: 65/68 MP: 9/9
  3951 | D:5      | Found a runed door.
  4015 | D:5      | Noticed Eustachio
  4054 | D:5      | Killed Eustachio
  4299 | D:5      | Noticed Edmund
  4314 | D:5      | Killed Edmund
  4513 | D:5      | Noticed Crazy Yiuf
  4521 | D:5      | Killed Crazy Yiuf
  4581 | D:6      | Found an iron altar of Okawaru.
  4678 | D:6      | Found a glowing golden altar of the Shining One.
  4849 | D:6      | Found a burning altar of Makhleb.
  4850 | D:6      | Slain by an orc warrior

Vault maps used:
D:1:      sevenhm_arrival_forest_fort_large_4, hex_intersection, minmay_unequal
D:2:      elyvilon_altar_3
D:3:      overflow_temple_1_default, vehumet_crystals, zin_angel
D:4:      first_bread, uniq_sigmund
D:5:      minmay_misc_feat_tiny, uniq_crazy_yiuf_cottage, uniq_eustachio,
          uniq_blork_the_orc, uniq_edmund
D:6:      kennysheep_mini_moat, makhleb_grotto_becter,
          chequers_temple_overflow_statue_of_worship

Skill      XL: |  1  2  3  4  5  6  7  8  9 |
---------------+----------------------------+-----
Shields        | 4 5 6 7 |  7.3
Axes           | 4 5 7 |  7.8
Dodging        | 1 2 |  2.6
Fighting       | 4 5 |  5.6
Armour         | 4 5 |  5.6
Stealth        | 1 2 |  2.7

Action                   |  1- 3 |  4- 6 |  7- 9 || total
-------------------------+-------+-------+-------++-------
Melee: War axe           |   114 |   155 |   276 ||   545
Invok: Potion Petition   |       |       |     1 ||     1
 Abil: Dig               |       |     3 |     1 ||     4
Evoke: Wand              |       |       |     5 ||     5
  Use: Scroll            |       |     6 |    13 ||    19
       Potion            |       |     3 |     3 ||     6
 Stab: Paralysed         |       |       |    10 ||    10
  Eat: Bread ration      |       |     1 |     1 ||     2
       Chunk             |       |     1 |       ||     1
       Beef jerky        |       |       |     1 ||     1
       Meat ration       |       |       |     1 ||     1
Armor: Scale mail        |    36 |    55 |    10 ||   101
       Skin              |       |     2 |       ||     2
       Chain mail        |       |       |   179 ||   179
Dodge: Dodged            |    39 |    48 |   121 ||   208
Block: Shield            |    69 |    88 |   198 ||   355
